 Dungeon Crawl Stone Soup version 0.17.2 (webtiles) character file.

4718 Goblin1989 the Martial Artist (level 10, 0/74 HPs)
             Began as a Demonspawn Transmuter on July 1, 2016.
             Was a Follower of Ru.
             Slain by an ogre
             ... wielding a +0 giant spiked club
             ... led by an ogre mage
              (22 damage)
             ... on level 9 of the Dungeon.
             The game lasted 00:37:35 (11473 turns).

Goblin1989 the Martial Artist (DsTm)               Turns: 11473, Time: 00:37:35

Health: 0/74       AC:  5    Str: 13    XL:     10   Next: 22%
Magic:  11/13      EV: 12    Int: 15    God:    Ru [*.....]
Gold:   332        SH:  5    Dex: 14    Spells: 2 memorised, 10 levels left

rFire  + . .     SeeInvis .       - Unarmed
rCold  . . .     Clarity  .     w - +0 ring mail
rNeg   . . .     SustAt   .     u - +0 buckler
rPois  .         Gourm    .     (no helmet)
rElec  .         Spirit   .     (no cloak)
rCorr  .         Warding  .     (gloves unavailable)
rMut   .         Stasis   .     (boots currently unavailable)
MR     .....                    (no amulet)
Stlth  +++.......               (no ring)
                                l - ring of protection from fire {rF+, !d}

@: appendage, very slightly contaminated, slowed, very slow, not resistant to
hostile enchantments, fairly stealthy
A: claws 3, talons 3, demonic guardian 1, mutation resistance 1, nightstalker 2,
no conjurations magic, no fire magic, no hexes magic
a: End Transformation, Renounce Religion


You were on level 9 of the Dungeon.
You worshipped Ru.
Ru was aware of your devotion.
You were very hungry.
You had grown temporary talons.
You visited 2 branches of the dungeon, and saw 9 of its levels.
You also visited: Ossuary.

You collected 332 gold pieces.

Inventory:

Hand Weapons
 G - a +0 blowgun
Missiles
 a - 68 arrows
 q - 8 poisoned needles
 F - 12 arrows of frost
Armour
 u - a +0 buckler (worn)
 w - a +0 ring mail (worn)
Jewellery
 e - an uncursed amulet of clarity {Clar, !d}
 l - a ring of protection from fire (left claw) {rF+, !d}
 y - an uncursed amulet of warding {Ward, rN+, !d}
 H - an uncursed ring of sustain attributes {unknown}
Wands
 r - a wand of teleportation (5)
 s - a wand of paralysis (14)
Scrolls
 b - a scroll of immolation {unknown}
 c - a scroll of noise {unknown}
 h - 5 scrolls of teleportation
 i - a scroll of fog {unknown}
 k - a scroll of blinking {unknown}
 n - 9 scrolls of identify {unknown}
 o - 2 scrolls of recharging
 x - a scroll of summoning {unknown}
 C - a scroll of remove curse
 D - a scroll of enchant weapon
Potions
 f - a potion of haste
 g - 2 potions of lignification {!q}
 m - a potion of poison {unknown}
 p - a potion of mutation {unknown}
 t - a potion of flight
 z - a potion of might {unknown}
 B - a potion of curing {unknown}
 E - a potion of experience {unknown}
Comestibles
 d - 7 bread rations
 j - 2 meat rations
 v - 3 beef jerkies
 A - 8 slices of pizza


   Skills:
 + Level 5.3 Fighting
 + Level 1.5 Armour
 * Level 3.3 Dodging
 - Level 5.6 Shields
 - Level 11.2 Unarmed Combat
 - Level 2.0 Spellcasting
 - Level 1.7 Transmutations


You had 10 spell levels left.
You knew the following spells:

 Your Spells              Type           Power        Failure   Level  Hunger
a - Beastly Appendage     Trmt           #.....       24%         1    #......
b - Sticks to Snakes      Trmt           #.........   38%         2    ###....


Dungeon Overview and Level Annotations

Branches:
Dungeon (9/15)             Temple (1/1) D:6
   Lair: D:8-11         Orc: D:9-12

Altars:
Ashenzari
Cheibriados
Dithmenos
Elyvilon
Fedhas
Gozag
Kikubaaqudgha
Nemelex Xobeh
Okawaru
Qazlal
Ru
Sif Muna
Trog
Vehumet
Xom
Yredelemnul
Zin
The Shining One

Shops:
D:6 %

Annotations:
D:1 exclusion: gnoll
D:2 exclusion: Crazy Yiuf, Crazy Yiuf


Innate Abilities, Weirdness & Mutations

You have claws for hands.
A weak demonic guardian rushes to your aid.
You are significantly more attuned to the shadows.
You cannot study or cast Conjurations magic.
You cannot study or cast Fire magic.
You cannot study or cast Hexes magic.
You have claws for feet.
You are somewhat resistant to further mutation.


Message History

You are very lightly contaminated with residual magic.
Nothing appears to happen.
Your white imp disappears in a puff of smoke!
Something completely misses you.
An ogre comes into view. It is wielding a giant spiked club.
You now have 12/13 mp.
Something hits you. Something hits you but does no damage.
An ogre comes into view. It is wielding a giant club.
You take 3 damage, and have 42/74 hp.
The ogre shouts!
Something hits you but does no damage.
The ogre hits you with a giant spiked club!!
* * * LOW HITPOINT WARNING * * *
You take 21 damage, and have 21/74 hp.
MASSIVE DAMAGE!!
Your feet morph into talons.
You hear some strange, mumbled words.
You feel as though you will be slow longer.
Your crimson imp blinks!
The ogre hits you with a giant spiked club!!
You die...

##########
....5@O..####
............#
.....O......#
.......O....#
............#
.........##.###
.......)....#
#####.###.#.#
###############
#.# #.....


You could see 3 ogres and a friendly crimson imp.

Vanquished Creatures
  A griffon (D:9)
  7 yaks
  Eustachio (D:5)
  A human (D:7)
  6 ogres
  An orc warrior (D:7)
  A sky beast (D:6)
  A centaur (D:9)
  4 ice beasts
  3 phantoms
  A big kobold (D:7)
  A giant frog (D:6)
  2 scorpions
  2 crimson imps
  3 wights (D:6)
  A giant frog skeleton (D:5)
  A hound (D:6)
  2 orc wizards
  4 orc priests
  Ijyb (D:2)
  2 iguanas
  4 worker ants
  A killer bee zombie (D:5)
  3 sheep (D:7)
  A hound zombie (D:6)
  A hound skeleton (D:6)
  12 mummies (Ossuary)
  A worker ant zombie (D:5)
  3 gnolls (D:6)
  5 adders
  An ooze (D:1)
  An adder skeleton (D:5)
  2 worms
  4 giant geckos
  20 orcs
  3 ball pythons
  2 giant cockroaches
  6 goblins
  15 hobgoblins
  5 jackals (D:3)
  16 kobolds
  14 bats
  3 giant gecko skeletons
  12 giant newts
  3 gnoll skeletons (Ossuary)
  3 goblin skeletons (Ossuary)
  A goblin zombie (D:5)
  A kobold skeleton (Ossuary)
  An orc skeleton (Ossuary)
  5 quokkas
  A quokka zombie (D:5)
  11 rats
  11 rat skeletons (Ossuary)
218 creatures vanquished.

Vanquished Creatures (collateral kills)
  Edmund (D:4)
  Purgy (D:3)
  A black bear (D:6)
  2 ogres
  A giant frog (D:6)
  A big kobold (D:9)
  A wyvern skeleton (D:6)
  A crimson imp (D:5)
  A quasit (D:9)
  2 orcs
  A kobold (D:9)
13 creatures vanquished.

Grand Total: 231 creatures vanquished

Notes
Turn   | Place    | Note
--------------------------------------------------------------
     0 | D:1      | Goblin1989 the Demonspawn Transmuter began the quest for the Orb.
     0 | D:1      | Reached XP level 1. HP: 15/15 MP: 3/3
     3 | D:1      | Noticed an electric eel
     3 | D:1      | Noticed an electric eel
   234 | D:1      | Reached skill level 3 in Unarmed Combat
   585 | D:1      | Gained mutation: You have sharp fingernails. [demonic ancestry]
   585 | D:1      | Reached XP level 2. HP: 14/21 MP: 3/5
   686 | D:1      | Learned a level 2 spell: Sticks to Snakes
  1562 | D:1      | Gained mutation: You are slightly more attuned to the shadows. [demonic ancestry]
  1562 | D:1      | Reached XP level 3. HP: 24/26 MP: 6/6
  1779 | D:1      | Reached skill level 4 in Unarmed Combat
  2340 | D:2      | Noticed Ijyb
  2356 | D:2      | Killed Ijyb
  2356 | D:2      | Gained mutation: A weak demonic guardian rushes to your aid. [demonic ancestry]
  2356 | D:2      | Reached XP level 4. HP: 27/32 MP: 2/7
  2357 | D:2      | Found a glowing silver altar of Zin.
  2359 | D:2      | Found a shadowy altar of Dithmenos.
  2472 | D:2      | Noticed Crazy Yiuf
  3131 | D:3      | Noticed Purgy
  3211 | D:3      | Gained mutation: You are somewhat resistant to further mutation. [potion of beneficial mutation]
  3229 | D:3      | Killed Purgy
  3229 | D:3      | Reached skill level 1 in Shields
  3229 | D:3      | Reached skill level 5 in Unarmed Combat
  3229 | D:3      | Gained mutation: You have very sharp fingernails. [demonic ancestry]
  3229 | D:3      | Reached XP level 5. HP: 29/37 MP: 4/8
  4408 | D:3      | Found a bloodstained altar of Trog.
  4804 | D:4      | Found a white marble altar of Elyvilon.
  4808 | D:4      | Found a stormy altar of Qazlal.
  5268 | D:4      | Noticed an ogre
  5286 | D:4      | Killed an ogre
  5286 | D:4      | Reached XP level 6. HP: 43/43 MP: 6/9
  5437 | D:4      | Noticed an ogre
  5447 | D:4      | Killed an ogre
  5447 | D:4      | Reached skill level 6 in Unarmed Combat
  5593 | D:4      | Noticed an ogre
  5597 | D:4      | Killed an ogre
  5674 | D:4      | Noticed Edmund
  5683 | D:4      | Killed Edmund
  5735 | D:4      | Gained mutation: You are significantly more attuned to the shadows. [demonic ancestry]
  5735 | D:4      | Reached XP level 7. HP: 42/48 MP: 10/10
  5904 | D:5      | Entered Level 5 of the Dungeon
  5958 | D:5      | Found a shattered altar of Ashenzari.
  5971 | D:5      | Found a sand-covered staircase.
  5978 | Ossuary  | Entered an ossuary
  6383 | Ossuary  | Reached skill level 7 in Unarmed Combat
  7268 | D:5      | Reached XP level 8. HP: 54/54 MP: 11/11
  7276 | D:5      | Noticed Eustachio
  7299 | D:5      | Killed Eustachio
  7299 | D:5      | Reached skill level 8 in Unarmed Combat
  7951 | D:6      | Found Ohekkoin's Food Emporium.
  7977 | D:6      | You fall through a shaft!
  8298 | D:6      | Reached skill level 5 in Shields
  8518 | D:6      | Found a sacrificial altar of Ru.
  8524 | D:6      | Became a worshipper of Ru the Awakened
  8724 | D:6      | Reached skill level 9 in Unarmed Combat
  9268 | D:6      | Gained mutation: You have claws for hands. [demonic ancestry]
  9268 | D:6      | Reached XP level 9. HP: 54/59 MP: 10/12
  9515 | D:6      | Found a staircase to the Ecumenical Temple.
  9521 | Temple   | Entered the Ecumenical Temple
 10282 | D:7      | Reached skill level 10 in Unarmed Combat
 10641 | D:7      | Found a glowing golden altar of the Shining One.
 10662 | D:7      | Gained mutation: You cannot study or cast Fire magic. [Ru sacrifice]
 10662 | D:7      | Gained mutation: You cannot study or cast Hexes magic. [Ru sacrifice]
 10662 | D:7      | Gained mutation: You cannot study or cast Conjurations magic. [Ru sacrifice]
 10662 | D:7      | Reached * piety under Ru
 10872 | D:7      | You fall through a shaft for 2 floors!
 10902 | D:9      | Reached skill level 11 in Unarmed Combat
 10935 | D:9      | Reached XP level 10. HP: 30/73 MP: 13/13
 10940 | D:9      | Reached skill level 5 in Fighting
 11221 | D:9      | Noticed a griffon
 11234 | D:9      | Killed a griffon
 11234 | D:9      | Reached skill level 1 in Armour
 11443 | D:9      | Noticed an ogre mage
 11473 | D:9      | Slain by an ogre

Action                   |  1- 3 |  4- 6 |  7- 9 | 10-12 || total
-------------------------+-------+-------+-------+-------++-------
Melee: Unarmed           |   129 |   147 |   490 |    25 ||   791
 Fire: Blowgun           |       |       |       |     6 ||     6
 Cast: Beastly Appendage |     5 |    17 |    12 |     1 ||    35
       Sticks to Snakes  |     2 |     3 |       |       ||     5
Invok: Sacrifice Arcana  |       |       |     1 |       ||     1
  Use: Potion            |       |     5 |     2 |       ||     7
       Scroll            |       |       |     6 |       ||     6
 Stab: Sleeping          |     4 |     3 |    14 |       ||    21
       Distracted        |     1 |     1 |       |       ||     2
  Eat: Chunk             |     4 |    12 |    14 |     1 ||    31
       Royal jelly       |       |       |     1 |       ||     1
       Pizza             |       |       |     1 |       ||     1
